AoeStats
← | NoTok | Wetcheese

African Clearing

510943443Analyzed
3v3 RM · 17h ago on Oct 3, 2026· 38m 13s· 6 players
Game mode
Random Map
Map size
Normal (6 player)
Population
200
Speed
Normal
Resources
Standard
Victory
Conquest
Starting age
Dark Age
Ending age
Imperial Age
RankedLock teamsTeams togetherTeam positionsShared explorationLock speedFull tech treeHidden civsTurbo modeCheats
Victory
Defeat
🇦🇷 Goths · Argentina
943
+16
926
+17
🇦🇺 Mongols · Australia
878
+20
🇨🇴 Huns · Colombia
990
-19
🇨🇴 Vietnamese · Colombia
958
-18
🇨🇴 Mongols · Colombia
907
-16
AFK or first to leave? EATMY ass
15:21 Feudal Age
19:52 Castle Age
24:34 Horse Collar
29:05 Wheelbarrow
29:28 Scale Barding Armor
31:49 Hand Cart
| NoTok | Wetcheese
4:26 Loom
15:16 Feudal Age
21:08 Padded Archer Armor
24:13 Castle Age
24:48 Stone Mining
28:53 Gold Mining
30:40 Double-Bit Axe
32:45 Bow Saw
Ochen
14:38 Feudal Age
18:07 Castle Age
16:05 Stone Mining
23:05 Double-Bit Axe
24:57 Horse Collar
27:01 Heavy Plow
29:08 Forging
29:00 Scale Mail Armor
33:53 Imperial Age
32:07 Gold Mining
33:14 Iron Casting
32:55 Chain Mail Armor
33:15 Anarchy
33:25 Loom
34:17 Wheelbarrow
33:28 Town Watch
33:50 Squires
35:40 Blast Furnace
35:26 Crop Rotation
36:10 Elite Huskarl
37:12 Conscription
BeakedHELLBOY48
9:09 Loom
14:02 Feudal Age
22:45 Castle Age
22:26 Fletching
23:08 Padded Archer Armor
22:51 Crossbowman
27:05 Horse Collar
30:40 Bodkin Arrow
32:37 Pikeman
33:35 Scale Mail Armor
33:45 Forging
36:37 Heavy Plow
rigveri25
5:37 Loom
14:39 Feudal Age
16:59 Bloodlines
29:40 Castle Age
28:06 Double-Bit Axe
28:03 Horse Collar
30:49 Wheelbarrow
30:31 Forging
31:39 Husbandry
31:14 Pikeman
32:52 Gold Mining
33:40 Scale Barding Armor
ARESGMGG99
12:03 Loom
16:33 Feudal Age
22:48 Castle Age
22:51 Crossbowman
24:13 Fletching
24:24 Padded Archer Armor
27:49 Forging
27:41 Scale Mail Armor
Connection lost

Rejoining the realm…

Still unreachable

The connection could not be restored.

Session expired

The server has moved on; the page needs a fresh start.